 Dungeon Crawl Stone Soup version 0.25.1-2-g60ff931df9 (webtiles) character file.

Game seed: 10469059805136518576

4722 melloss the Covert (level 10, -3/49 HPs)
             Began as a Spriggan Enchanter on Nov 13, 2020.
             Was a Priest of Makhleb.
             Slain by a wight
             ... wielding a cursed +4 trident of freezing
              (12 damage)
             ... on level 8 of the Dungeon.
             The game lasted 00:44:50 (10646 turns).

melloss the Covert (Spriggan Enchanter)            Turns: 10646, Time: 00:44:50

Health: -3/49      AC:  2    Str:  5    XL:     10   Next: 22%
Magic:  17/17      EV: 24    Int: 17    God:    Makhleb [***...]
Gold:   163        SH:  0    Dex: 19    Spells: 14/17 levels left

rFire    . . .     SeeInvis +   q - +2 dagger (holy)
rCold    . . .     Gourm    .   (shield restricted)
rNeg     + . .     Faith    .   b - +0 robe
rPois    .         Spirit   .   (helmet restricted)
rElec    .         Reflect  .   (no cloak)
rCorr    .         Harm     .   (gloves unavailable)
MR       +....                  (boots unavailable)
Stlth    +++++.....             (no amulet)
HPRegen  0.16/turn              n - ring of positive energy
MPRegen  0.15/turn              (no ring)

@: lightly drained, very quick
A: very small, unfitting armour, see invisible, herbivore, speed 3, slow
metabolism 2
a: Minor Destruction, Lesser Servant of Makhleb, Renounce Religion


You were on level 8 of the Dungeon.
You worshipped Makhleb.
Makhleb was most pleased with you.
You were not hungry.

You visited 2 branches of the dungeon, and saw 9 of its levels.

You collected 383 gold pieces.
You spent 220 gold pieces at shops.

Inventory:

Hand Weapons
 a - a +1 dagger
 q - a +2 dagger of holy wrath (weapon)
 s - a +4 vampiric short sword
 w - a +1 trident of venom
 x - a +0 flail of protection
 y - a +2 vampiric short sword
 z - a +1 dagger of flaming
 C - a +2 dagger of freezing
Missiles
 m - 32 poisoned darts (quivered)
Armour
 b - a +0 robe (worn)
Jewellery
 n - a ring of positive energy (left hand)
Wands
 u - a wand of digging (10)
 B - a wand of random effects (16)
Scrolls
 c - a scroll of identify
 e - a scroll of immolation
 g - 9 scrolls of remove curse
 h - a scroll of enchant weapon
 i - 2 scrolls of blinking
 j - 2 scrolls of fog
 k - 6 scrolls of teleportation
 A - a scroll of magic mapping {unknown}
Potions
 f - 2 potions of haste {unknown}
 l - a potion of curing
 o - a potion of might {unknown}
 p - 2 potions of brilliance
 r - a potion of lignification
 t - 2 potions of cancellation {unknown}
 v - a potion of resistance
 D - a potion of degeneration {unknown}
 E - a potion of flight
Comestibles
 d - 13 rations


   Skills:
 - Level 3.0(2.5) Fighting
 + Level 7.6(7.0) Short Blades
 - Level 8.0(7.4) Dodging
 + Level 11.1(10.5) Stealth
 - Level 4.0(3.4) Spellcasting
 - Level 8.0(7.4) Hexes
 * Level 5.8(5.3) Ice Magic


You had 14 spell levels left.
You knew the following spells:

 Your Spells              Type           Power        Failure   Level  Hunger
a - Corona                Hex            ####...      1%          1    None
b - Ensorcelled Hibernat  Hex/Ice        ###...       1%          2    ##.....

Your spell library contained the following spells:

 Spells                   Type           Power        Failure   Level  Hunger
 Slow                     Hex            ####....     1%          2    ##.....
 Confusing Touch          Hex            ####....     2%          3    ###....
 Tukima's Dance           Hex            ####....     2%          3    ###....
 Dazzling Flash           Conj/Hex       ###...       11%         3    ###....
 Animate Skeleton         Necr           N/A          17%         1    None
 Apportation              Tloc           #.....       17%         1    None
 Magic Dart               Conj           #...         17%         1    None
 Summon Small Mammal      Summ           #...         17%         1    None
 Blink                    Tloc           N/A          26%         2    ##.....
 Call Imp                 Summ           #.......     26%         2    ##.....
 Metabolic Englaciation   Hex/Ice        ###.......   34%         5    ######.
 Conjure Flame            Conj/Fire      #.......     45%         3    ###....
 Gell's Gravitas          Tloc           #.........   45%         3    ###....
 Mephitic Cloud           Conj/Pois/Air  #.......     45%         3    ###....
 Yara's Violent Unravell  Hex/Tmut       ###.......   69%         5    ######.
 Petrify                  Tmut/Erth      #.......     86%         4    ####...


Dungeon Overview and Level Annotations

Branches:
Dungeon (8/15)             Temple (1/1) D:6            Lair (0/6) D:8

Altars:
Ashenzari
Cheibriados
Dithmenos
Elyvilon
Gozag
Kikubaaqudgha
Makhleb
Nemelex Xobeh
Okawaru
Qazlal
Ru
Sif Muna
Trog
Uskayaw
Vehumet
Wu Jian
Yredelemnul
The Shining One

Shops:
D:4 *   D:5 :


Innate Abilities, Weirdness & Mutations

You are very small and have problems with some larger weapons.
You are too small for most types of armour.
You have supernaturally acute eyesight. (SInv)
You are a herbivore.
You cover ground extremely quickly.
You need to consume almost no food.


Message History

You hit the wight but do no damage.
The wight is moderately damaged.
You hit the wight.
The wight convulses.
The wight is severely damaged.
The wight hits you with a cursed +4 trident of freezing!
The wight freezes you.
You barely miss the wight.
The wight is severely damaged.
The wight barely misses you.
You barely miss the wight.
The wight is severely damaged.
You hit the wight but do no damage.
The wight is severely damaged.
The wight hits you with a cursed +4 trident of freezing!
* * * LOW HITPOINT WARNING * * *
The wight freezes you.
* * * LOW HITPOINT WARNING * * *
There is a stone staircase leading up here.
The wight hits you from afar with a cursed +4 trident of freezing!
You die...

.....###########.#
####..#.## ###### #.#
#......... #.#
##....P...# #.#
##..P......# #.#
##...........
#z####..PP........
#z##...P.P.PP.....
#)##....P.........
##@#......♣.P...♣P.
#............>PPPP.
#..##.P........PP..
#..###...P♣........
####..####..P..P.P....
#......# #.......P...P
#.####.# ##..).P....♣.
#.# ##.## ##.P....PP.#
##.###.#.######..).....


You could see 2 wights.

Vanquished Creatures
  Joseph (D:7)
  A troll (D:7)
  A basilisk (D:8)
  2 water moccasins
  Duvessa (D:7)
  3 porcupines (D:8)
  2 orc warriors
  2 black bears (D:8)
  5 ogres
  3 wolves (D:8)
  2 crocodiles
  A big kobold (D:6)
  A bullfrog (D:8)
  A gnoll sergeant (D:6)
  Dowan (D:7)
  4 scorpions
  10 killer bees (D:8)
  A wight (D:8)
  A bullfrog zombie (D:6)
  A centaur skeleton (D:6)
  A centaur zombie (D:6)
  5 orc priests
  11 hounds
  A jelly (D:6)
  2 bullfrog skeletons (D:5)
  3 gnoll shamans (D:6)
  6 orc wizards
  3 worker ants
  2 hound zombies
  15 gnolls (D:6)
  10 adders
  An adder skeleton (D:6)
  A dart slug (D:1)
  6 leopard geckos
  19 orcs
  2 ball pythons
  4 giant cockroaches
  2 goblins
  7 hobgoblins
  9 jackals
  A quokka (D:8)
  A ball python skeleton (D:4)
  4 bats
  4 frilled lizards
  7 kobolds
  A leopard gecko zombie (D:7)
  A quokka zombie (D:8)
  10 rats
  2 fungi (D:8)
185 creatures vanquished.

Vanquished Creatures (others)
  An ogre (D:8)
  A centaur (D:8)
  A hound (D:8)
  A worker ant (D:8)
  A fungus (D:8)
  A plant (D:8)
6 creatures vanquished.

Grand Total: 191 creatures vanquished

Notes
Turn   | Place    | Note
-------+----------+-------------------------------------------
     0 | D:1      | melloss the Spriggan Enchanter began the quest for the Orb.
     0 | D:1      | Reached XP level 1. HP: 9/9 MP: 5/5
   297 | D:1      | Reached XP level 2. HP: 12/13 MP: 4/6
   371 | D:1      | Reached skill level 5 in Stealth
  1330 | D:2      | Reached XP level 3. HP: 7/16 MP: 5/8
  1599 | D:2      | Found a burning altar of Makhleb.
  1604 | D:2      | Became a worshipper of Makhleb the Destroyer
  1778 | D:2      | Found a shattered altar of Ashenzari.
  2319 | D:2      | Reached skill level 6 in Stealth
  2556 | D:3      | Found an ornate altar of the Wu Jian Council.
  2577 | D:3      | Found a white marble altar of Elyvilon.
  2804 | D:3      | Found a basalt altar of Yredelemnul.
  3139 | D:3      | Found a glowing drain.
  3228 | D:3      | Reached XP level 4. HP: 21/21 MP: 9/9
  3979 | D:4      | Learned a level 2 spell: Ensorcelled Hibernation
  4034 | D:4      | Found Zadoadd's General Store.
  4138 | D:4      | Reached skill level 7 in Stealth
  4138 | D:4      | Reached XP level 5. HP: 15/24 MP: 2/10
  4297 | D:4      | Noticed an ogre
  4304 | D:4      | Killed an ogre
  4304 | D:4      | Reached skill level 8 in Stealth
  4395 | D:4      | Noticed an ogre
  4403 | D:4      | Killed an ogre
  4403 | D:4      | Reached skill level 5 in Short Blades
  4403 | D:4      | Reached XP level 6. HP: 28/28 MP: 11/11
  5194 | D:5      | Entered Level 5 of the Dungeon
  5194 | D:5      | Found Decezime's Book Shoppe.
  5336 | D:5      | Reached skill level 5 in Hexes
  5393 | D:5      | Reached XP level 7. HP: 32/32 MP: 11/14
  5430 | D:5      | Found a hide-covered altar of Uskayaw.
  5440 | D:5      | Reached * piety under Makhleb
  5654 | D:5      | Found a sacrificial altar of Ru.
  6364 | D:6      | Reached skill level 1 in Ice Magic
  6376 | D:6      | Reached XP level 8. HP: 36/36 MP: 9/15
  6487 | D:6      | Reached skill level 1 in Fighting
  6968 | D:6      | Reached ** piety under Makhleb
  7036 | D:6      | Found a staircase to the Ecumenical Temple.
  7039 | D:6      | Reached skill level 5 in Dodging
  7043 | Temple   | Entered the Ecumenical Temple
  7980 | D:6      | Reached XP level 9. HP: 44/44 MP: 11/16
  8376 | D:7      | Found a snail-covered altar of Cheibriados.
  8487 | D:7      | Reached skill level 9 in Stealth
  8527 | D:7      | Noticed Dowan
  8534 | D:7      | Noticed Duvessa
  8537 | D:7      | Killed Dowan
  8570 | D:7      | Killed Duvessa
  8706 | D:7      | Noticed Joseph
  8842 | D:7      | Killed Joseph
  8849 | D:7      | Noticed a troll
  8852 | D:7      | Killed a troll
  8995 | D:7      | Found a glowing golden altar of the Shining One.
  9259 | D:5      | Bought a book of Minor Magic for 220 gold pieces
  9345 | D:8      | Reached skill level 10 in Stealth
  9468 | D:8      | Reached *** piety under Makhleb
  9889 | D:8      | Reached skill level 5 in Ice Magic
  9982 | D:8      | Reached XP level 10. HP: 42/49 MP: 14/17
 10174 | D:8      | Found a staircase to the Lair.
 10212 | D:8      | Reached skill level 11 in Stealth
 10646 | D:8      | Slain by a wight

Illustrated notes

Levels and vault maps discovered:
D:1:      dpeg_arrival_round_a, layout_basic
D:2:      layout_basic, nicolae_overflow_crystal_walls, lemuel_doored_altar,
          nicolae_overflow_hidden_temple, nrook_mini_vaults
D:3:      layout_basic, overflow_temple_1_default, yredelemnul_altar_generic,
          gup_sewer_entry_glass, serial_aquarium, aquarium_bridge_long_separate
          [aquarium_subvault_bridge, aquarium_subvault_wall,
          aquarium_subvault_bridge, aquarium_subvault_bridge,
          aquarium_subvault_wall, aquarium_subvault_window], aquarium_window_1,
          aquarium_window_fake, aquarium_window_2, aquarium_view_4,
          aquarium_balcony_3a, elyvilon_altar_1
D:4:      layout_loops_ring, serial_shops, kennysheep_mini
D:5:      layout_loops_ring, overflow_temple_1_default,
          eat_drink_and_be_merry_uskayaw, first_ration, serial_shops, shop
D:6:      layout_cave_pools, minmay_temple_entry_proselytizer,
          serial_gnoll_camp, gnoll_camp_medium_02, gnoll_camp_mini_house,
          gnoll_camp_mini_house, gnoll_camp_mini_doghouse, minmay_circle_x
D:7:      layout_basic, tso_altar, kennysheep_little_box,
          kennysheep_generic_room_7, uniq_joseph, uniq_duvessa
D:8:      layout_loops_ring, xom_confusion_cloud, lemuel_coloured_pillars_altar,
          minmay_lair_entry_grove
Temple:   cyrus_temple_forest

Skill      XL: |  1  2  3  4  5  6  7  8  9 10 |
---------------+-------------------------------+-----
Stealth        | 5 6 7 8 10 11 | 11.1
Short Blades   | 2 3 4 5 7 |  7.6
Spellcasting   | 3 4 |  4.0
Hexes          | 4 5 8 |  8.0
Ice Magic      | 2 5 |  5.8
Fighting       | 3 |  3.0
Dodging        | 8 |  8.0

Action                   |  1- 3 |  4- 6 |  7- 9 | 10-12 || total
-------------------------+-------+-------+-------+-------++-------
Melee: Dagger            |   161 |    46 |    46 |    42 ||   295
       Short sword       |       |       |   340 |    29 ||   369
 Cast: Corona            |    16 |       |     1 |       ||    17
       Ensorcelled Hiber |       |    26 |   107 |    23 ||   156
  Use: Potion            |       |     3 |     1 |       ||     4
       Scroll            |       |       |     7 |       ||     7
 Stab: Sleeping          |    16 |    21 |    65 |    13 ||   115
       Distracted        |     1 |       |       |     1 ||     2
  Eat: Ration            |       |     2 |     4 |     1 ||     7
Armor: Robe              |    10 |       |    15 |       ||    25
Dodge: Dodged            |   116 |    36 |   346 |    39 ||   537
